 Dungeon Crawl Stone Soup version 0.13-a0-2133-ge955d09 (webtiles) character file.

913 Kae the Firebug (level 7, -1/36 HPs)
             Began as a Tengu Fire Elementalist on June 28, 2013.
             Slain by a gnoll shaman
             ... wielding a +0,+0 club
              (3 damage)
             ... on Level 5 of the Dungeon.
             The game lasted 00:13:32 (6106 turns).

Kae the Firebug (Tengu Fire Elementalist)           Turns: 6106, Time: 00:13:32

HP  -1/36        AC  3     Str  8      XL: 7   Next: 49%
MP  12/16        EV  6     Int 17      God:
Gold 280         SH  0     Dex 15      Spells:  2 memorised,  8 levels left

Res.Fire  : x . .   See Invis. : .   G - +8,+5 quarterstaff "Transmigrator" {vamp, Res.Cold : . . . Warding : . a - +0 robe Life Prot.: . . . Conserve : . (no shield)
Res.Poison: .       Res.Corr.  : .   (helmet restricted)
Res.Elec. : .       Clarity    : .   (no cloak)
Sust.Abil.: . .     Spirit.Shd : .   n - +0 pair of gloves
Res.Mut.  : .       Stasis     : .   (boots unavailable)
Res.Rott. : .       Flight     : .   (no amulet)
Saprovore : . . .                    (no ring)
                                     (no ring)

@: held, quite resistant to hostile enchantments, fairly stealthy
A: able to fly, beak, talons 3
a: Fly


You were on level 5 of the Dungeon.
You were hungry.

You visited 1 branch of the dungeon, and saw 5 of its levels.

You collected 260 gold pieces.

Inventory:

Hand weapons
 h - a +0,+0 whip
 j - a +2,+2 dagger of electrocution (quivered)
 m - a +1,+0 whip of flaming
 y - a +0,+0 quarterstaff
 A - a +1,+1 quarterstaff
 G - the +8,+5 quarterstaff "Transmigrator" (weapon) {vamp, rF- MR++}
   (You found it on level 5 of the Dungeon)

   It inflicts no extra harm, but heals its wielder somewhat when it strikes a
   living foe.
   It makes you vulnerable to fire.
   It affects your resistance to hostile enchantments.
Armour
 a - a +0 robe (worn)
 n - a +0 pair of gloves (worn)
Magical devices
 q - a wand of confusion (11) {unknown}
 C - a wand of disintegration (9)
Comestibles
 c - 2 bread rations
 f - a meat ration
 z - a pear
Scrolls
 d - a scroll of curse jewellery {unknown}
 e - a scroll of enchant armour {unknown}
 g - a scroll of magic mapping
 i - a scroll of fog
 k - 2 scrolls of remove curse
 v - 2 scrolls of curse armour
 w - a scroll of random uselessness
Jewellery
 t - an uncursed ring of protection from fire
Potions
 l - a potion of curing
 o - 2 potions of slowing {unknown}
 p - a potion of berserk rage {unknown}
 r - a potion of speed {unknown}
 s - 2 potions of agility {unknown}
 u - a potion of poison {unknown}
 B - a potion of paralysis {unknown}
 D - a potion of mutation {unknown}
 E - a potion of restore abilities {unknown}
Books
 b - a book of Flames

   Spells                             Type                      Level
   *Flame Tongue                      Conjuration/Fire             1
   Throw Flame                        Conjuration/Fire             2
   *Conjure Flame                     Conjuration/Fire             3
   Inner Flame                        Hexes/Fire                   3
   Sticky Flame                       Conjuration/Fire             4
   Fireball                           Conjuration/Fire             5


   Skills:
 * Level 0.2 Staves
 - Level 2.2 Dodging
 - Level 2.0 Stealth
 + Level 3.0 Spellcasting
 * Level 6.3 Conjurations
 * Level 6.4 Fire Magic
 + Level 0.4 Evocations


You had 8 spell levels left.
You knew the following spells:

 Your Spells              Type           Power        Failure   Level  Hunger
a - Flame Tongue          Conj/Fire      ###..        1%          1    None
b - Conjure Flame         Conj/Fire      ###.....     4%          3    ###....


Dungeon Overview and Level Annotations

Branches:
Dungeon (5/27)
 Temple: D:4-7

Altars:
Ashenzari
Makhleb

Annotations
D:4 Menkaure


Innate Abilities, Weirdness & Mutations

You can fly.
You have a beak for a mouth.
You have claws for feet.


Message History

The gnoll seems to speed up.
The gnoll moves out of view.
You try to slip out of the net.
The gnoll barely misses you.
The gnoll hits you from afar with a spear.
The gnoll closely misses you.
The gnoll shaman calls upon its god to heal the gnoll.
The gnoll's wounds heal themselves!
Unknown command.
You try to slip out of the net.
The gnoll shouts!
The gnoll hits you from afar with a spear.
The gnoll hits you with a club!
* * * LOW HITPOINT WARNING * * *
The gnoll shaman hits you but does no damage.
Unknown command.
Drink which item? (? for menu, Esc to quit)
You feel better. The gnoll hits you but does no damage.
The gnoll hits you with a club.
* * * LOW HITPOINT WARNING * * *
The gnoll hits you but does no damage. The gnoll shaman hits you with a club.
You die...

##....................
##.....%...............
##......................
##.......g...............
##........................
##.........................
##.........§g...............
##........§ggg§..............
##.........§§@g§..............
##..........§§§§§.#####........
#...........§§§§§.# #........
#.................# #........
#.................# #........
#.................#####........
..............................
.............................
............................


You could see a gnoll shaman and 5 gnolls.

Vanquished Creatures
  The ghost of Fv001 the Shield-Bearer, an average DrFi (D:5)
  An ogre (D:4)
  A crimson imp (D:5)
  A hound (D:5)
  An orc priest (D:3)
  2 scorpions
  A worker ant (D:5)
  An orc wizard (D:3)
  5 adders
  5 gnolls
  3 worms
  2 giant geckos (D:3)
  An ooze (D:2)
  11 orcs
  3 ball pythons
  9 bats
  A giant cockroach (D:4)
  11 goblins
  10 hobgoblins
  8 kobolds
  4 quokkas
  2 giant newts
  5 jackals
  11 rats
100 creatures vanquished.

Vanquished Creatures (others)
  A giant newt (D:1)
  A goblin (D:4)
  A rat (D:4)
3 creatures vanquished.

Grand Total: 103 creatures vanquished

Notes
Turn   | Place    | Note
--------------------------------------------------------------
     0 | D:1      | Kae, the Tengu Fire Elementalist, began the quest for the Orb.
     0 | D:1      | Reached XP level 1. HP: 10/10 MP: 3/3
   139 | D:1      | Reached XP level 2. HP: 4/15 MP: 1/5
   708 | D:1      | Reached XP level 3. HP: 19/19 MP: 1/7
   713 | D:1      | Learned a level 3 spell: Conjure Flame
   983 | D:2      | Reached skill level 4 in Fire Magic
  1736 | D:3      | Reached XP level 4. HP: 24/24 MP: 8/8
  2555 | D:3      | Reached XP level 5. HP: 5/28 MP: 4/11
  2841 | D:3      | Reached skill level 5 in Fire Magic
  3498 | D:4      | Found a burning altar of Makhleb.
  3655 | D:4      | Found a shattered altar of Ashenzari.
  3763 | D:4      | Noticed Menkaure
  4184 | D:5      | Entered Level 5 of the Dungeon
  4187 | D:5      | Reached XP level 6. HP: 20/32 MP: 10/13
  4544 | D:4      | Reached skill level 5 in Conjurations
  4786 | D:4      | Noticed an ogre
  4794 | D:4      | Killed an ogre
  5273 | D:5      | Noticed Fv001's ghost (average DrFi)
  5286 | D:5      | Killed Fv001's ghost
  5286 | D:5      | Reached skill level 6 in Conjurations
  5286 | D:5      | Reached XP level 7. HP: 20/36 MP: 3/15
  5957 | D:5      | Got a faintly glowing quarterstaff
  5973 | D:5      | Identified the +8,+5 quarterstaff "Transmigrator" {vamp, rF- MR++} (You found it on level 5 of the Dungeon)
  6105 | D:5      | HP: 1/36 [gnoll/club (11)]
  6106 | D:5      | Slain by a gnoll shaman

Action                   |  1- 3 |  4- 6 |  7- 9 || total
-------------------------+-------+-------+-------++-------
Melee: Unarmed           |    12 |       |       ||    12
       Whip              |    12 |     6 |       ||    18
       Quarterstaff      |       |     5 |     4 ||     9
 Cast: Flame Tongue      |    58 |   145 |    17 ||   220
       Conjure Flame     |       |     3 |       ||     3
Evoke: Wand              |       |       |     5 ||     5
  Use: Scroll            |       |    17 |     3 ||    20
       Potion            |       |     4 |     1 ||     5
 Stab: Sleeping          |       |     2 |       ||     2
